 Dungeon Crawl Stone Soup version 0.24.0-123-gd5b16e6ec5 (webtiles) character file.

Game seed: 13266416004732464654, levelgen mode: deterministic

55952 Curus the Spry (level 14, -5/123 HPs)
             Began as a Merfolk Gladiator on Dec 19, 2019.
             Was the Champion of Okawaru.
             Slain by a two-headed ogre
             ... wielding a +0 giant spiked club
              (19 damage)
             ... on level 1 of the Orcish Mines.
             The game lasted 01:35:20 (18084 turns).

Curus the Spry (Merfolk Gladiator)                 Turns: 18084, Time: 01:35:21

Health: -5/123     AC: 18    Str: 14    XL:     14   Next: 79%
Magic:  0/22       EV: 31    Int:  8    God:    Okawaru [******]
Gold:   1593       SH:  8    Dex: 22    Spells: 13/13 levels left

rFire    + . .     SeeInvis +   a - +2 trident (pierce)
rCold    . . .     Gourm    .   B - +1 buckler
rNeg     . . .     Faith    .   I - +4 ring mail of Pleasant Breezes {Dex+2}
rPois    +         Spirit   +   c - +1 helmet
rElec    .         Reflect  .   z - +0 cloak {rPois}
rCorr    .         Harm     .   J - +2 pair of gloves
MR       ++...                  p - +0 pair of boots {Stlth+}
Stlth    ++++......             q - amulet of guardian spirit
HPRegen  0.30/turn              j - ring of protection from magic
MPRegen  0.18/turn              w - ring of see invisible

@: heroism
A: change form in water, swift swim, stealthy swim, fire resistance 1, high mp 1
a: Heroism, Finesse, Renounce Religion


You were on level 1 of the Orcish Mines.
You worshipped Okawaru.
Okawaru was exalted by your worship.
You were not hungry.

You visited 4 branches of the dungeon, and saw 21 of its levels.

You collected 1593 gold pieces.

Inventory:

Hand Weapons
 a - a +2 trident of piercing (weapon)
 i - the +9 glaive "Gupud" {freeze, *Drain +Inv Str+10 Int+4 Dex-2}
   (Okawaru gifted it to you on level 6 of the Lair of Beasts)

   It has been specially enchanted to freeze those struck by it, causing extra
   injury to most foes and up to half again as much damage against particularly
   susceptible opponents.
   It can also slow down cold-blooded creatures.
   It affects your strength (+10).
   It affects your intelligence (+4).
   It affects your dexterity (-2).
   It lets you turn invisible.
   It causes draining when unequipped.
 F - a +1 vampiric halberd
 S - a +4 glaive of freezing
Missiles
 d - 3 throwing nets (quivered)
Armour
 b - a +1 leather armour
 c - a +1 helmet (worn)
 n - a +2 ring mail of poison resistance
 o - a +0 cloak
 p - a +0 pair of boots of stealth (worn)
 z - a +0 cloak of poison resistance (worn)
 B - a +1 buckler (worn)
 I - the +4 ring mail of Pleasant Breezes (worn) {Dex+2}
   (You found it on level 3 of the Lair of Beasts)

   It affects your dexterity (+2).
 J - a +2 pair of gloves (worn)
 M - a scarf of spirit shield
 P - a +3 plate armour of fire resistance
Jewellery
 g - an uncursed ring of protection from fire
 j - a ring of protection from magic (left hand)
 q - an amulet of guardian spirit (around neck)
 w - a ring of see invisible (right hand)
 R - an uncursed ring of resist corrosion
 X - an uncursed ring of ice
Wands
 m - a wand of polymorph (10)
 r - a wand of acid (24)
 t - a wand of flame (21)
 u - a wand of disintegration (35)
 A - a wand of iceblast (19)
 C - a wand of scattershot (6)
 K - a wand of paralysis (7)
 N - a wand of random effects (16)
Scrolls
 h - 3 scrolls of magic mapping
 l - 5 scrolls of teleportation
 v - 15 scrolls of remove curse
 x - a scroll of fear
 y - 4 scrolls of amnesia
 G - 6 scrolls of blinking
 O - a scroll of fog
 Q - a scroll of identify
Potions
 e - a potion of magic
 k - 2 potions of brilliance
 s - 3 potions of resistance
 D - a potion of cancellation
 E - 3 potions of curing
 H - 3 potions of agility
 L - 2 potions of flight
 T - a potion of heal wounds
 U - a potion of might
 V - a potion of invisibility
Comestibles
 f - 38 rations
 W - a chunk of flesh


   Skills:
 + Level 15.5(20.5) Fighting
 - Level 14.0(19.0) Polearms
 - Level 2.0(7.0) Throwing
 + Level 18.2(23.2) Dodging
 - Level 4.1(9.1) Shields
 - Level 8.0 Invocations
 - Level 8.6 Evocations


You had 13 spell levels left.
You didn't know any spells.
Your spell library contained the following spells:

 Spells                   Type           Power        Failure   Level  Hunger
 Animate Skeleton         Necr           N/A          63%         1    ##.....
 Corona                   Hex            #......      63%         1    ##.....
 Infusion                 Chrm           #...         63%         1    ##.....
 Magic Dart               Conj           #...         63%         1    ##.....
 Pain                     Necr           #...         63%         1    ##.....
 Sandblast                Erth           #.....       63%         1    ##.....
 Sting                    Conj/Pois      #...         63%         1    ##.....
 Blink                    Tloc           N/A          77%         2    ###....
 Call Imp                 Summ           #.......     77%         2    ###....
 Ensorcelled Hibernation  Hex/Ice        #.....       77%         2    ###....
 Passwall                 Tmut/Erth      #.......     77%         2    ###....
 Poisonous Vapours        Pois/Air       #.....       77%         2    ###....
 Shroud of Golubria       Chrm/Tloc      #.....       77%         2    ###....
 Slow                     Hex            #.......     77%         2    ###....
 Song of Slaying          Chrm           #.......     77%         2    ###....
 Confuse                  Hex            #.......     94%         3    ####...
 Conjure Flame            Conj/Fire      #.......     94%         3    ####...
 Dazzling Spray           Conj/Hex       #.....       94%         3    ####...
 Mephitic Cloud           Conj/Pois/Air  #.......     94%         3    ####...
 Regeneration             Chrm/Necr      #.........   94%         3    ####...
 Spectral Weapon          Hex/Chrm       #.......     94%         3    ####...
 Stone Arrow              Conj/Erth      #.....       94%         3    ####...
 Tukima's Dance           Hex            #.......     94%         3    ####...
 Vampiric Draining        Necr           #.........   94%         3    ####...
 Animate Dead             Necr           N/A          100%        4    #####..
 Cause Fear               Hex            #.........   100%        4    #####..
 Olgreb's Toxic Radiance  Pois           #.......     100%        4    #####..
 Petrify                  Tmut/Erth      #.......     100%        4    #####..
 Lee's Rapid Deconstruct  Erth           #.........   100%        5    ######.
 Silence                  Hex/Air        #.........   100%        5    ######.
 Venom Bolt               Conj/Pois      #.........   100%        5    ######.
 Yara's Violent Unravell  Hex/Tmut       #.........   100%        5    ######.
 Deflect Missiles         Chrm/Air       #.........   100%        6    #######
 Freezing Cloud           Conj/Ice/Air   #.........   100%        6    #######
 Ring of Flames           Chrm/Fire      #.........   100%        7    #######
 Discord                  Hex            #.........   100%        8    #######


Dungeon Overview and Level Annotations

Branches:
Dungeon (12/15)            Temple (1/1) D:6            Lair (6/6) D:9
 Shoals (0/4) Lair:4        Snake (0/4) Lair:4        Slime (0/5) Lair:5
    Orc (2/2) D:12
    Elf: Orc:2

Altars:
Ashenzari
Cheibriados
Dithmenos
Elyvilon
Fedhas
Gozag
Hepliaklqana
Kikubaaqudgha
Makhleb
Nemelex Xobeh
Okawaru
Qazlal
Ru
Sif Muna
Trog
Uskayaw
Vehumet
Wu Jian
Xom
Yredelemnul
Zin
The Shining One
Jiyva

Shops:
D:4 }   D:5 (   D:7 [


Innate Abilities, Weirdness & Mutations

You revert to your normal form in water.
You are very nimble and swift while swimming.
You are very stealthy in the water. (Stealth+)
Your flesh is heat resistant. (rF+)
You have an increased reservoir of magic. (+10% MP)


Message History

The two-headed ogre hits you but does no damage.
You block the orc's attack.
You hit the orc sorcerer.
The orc sorcerer is heavily wounded.
The two-headed ogre hits you but does no damage.
The two-headed ogre completely misses you.
You block the orc sorcerer's attack.
The two-headed ogre hits you with a +0 giant spiked club!
* * * LOW HITPOINT WARNING * * *
The two-headed ogre closely misses you.
You puncture the orc sorcerer!
The orc sorcerer is almost dead.
The two-headed ogre hits you with a +1 dire flail of crushing!
* * * LOW HITPOINT WARNING * * *
x2 The two-headed ogre misses you.
The orc completely misses you.
You impale the orc sorcerer!!
You kill the orc sorcerer!
Okawaru accepts your kill.
The two-headed ogre hits you with a +0 giant spiked club!!
You die...

.. ...#
...
###....
...#
......
.....
....#
...###...#
#.......
##.O)o#
#..O@#
....#.O##
. ...#.
#.. ## #..
.. .


You could see 3 two-headed ogres and an orc.

Vanquished Creatures
  Fannar (Orc:1)
  Harold (D:7)
  3 catoblepae (Lair:6)
  6 hydras
  2 two-headed ogres
  An ogre mage (Orc:2)
  6 death yaks (Lair:6)
  Nergalle (D:10)
  The ghost of dengdeng the Protected, a novice MiBe of Trog (D:7)
  An unseen horror (D:11)
  2 orc sorcerers
  3 elephants (Lair:4)
  A cyclops (D:11)
  3 ugly things
  3 manticores
  A guardian serpent (Lair:4)
  A black mamba (Lair:3)
  2 kobold demonologists (D:11)
  13 spiny frogs
  8 rime drakes
  4 komodo dragons
  A queen bee (Lair:1)
  2 trolls
  A polar bear (Lair:5)
  2 hornets
  7 blink frogs
  12 hippogriffs
  Grinder (D:5)
  A snapping turtle (Lair:4)
  Prince Ribbit (D:6)
  7 dream sheep (Lair:6)
  Sigmund (D:6)
  5 wyverns
  A wraith (D:10)
  A shadow (D:10)
  9 basilisks
  A human (D:8)
  42 yaks
  3 hogs (D:8)
  2 steam dragons
  21 water moccasins
  A hell hound (Lair:5)
  5 porcupines
  A black bear (D:8)
  6 orc warriors
  A sky beast (D:11)
  6 phantoms
  10 ogres
  9 centaurs
  10 wolves
  16 crocodiles
  A wyvern zombie (D:7)
  A big kobold (D:8)
  Blork the orc (D:4)
  13 bullfrogs
  2 wyvern skeletons (D:11)
  3 scorpions
  2 troll zombies (D:12)
  30 killer bees
  8 wights
  3 howler monkeys
  13 crimson imps
  A bullfrog zombie (D:10)
  A centaur zombie (D:7)
  5 jellies
  A quasit (D:10)
  3 hounds
  2 centaur skeletons
  16 orc wizards
  4 bullfrog skeletons
  4 orc priests
  Crazy Yiuf (D:4)
  5 iguanas
  Ijyb (D:4)
  6 worker ants
  Terence (D:2)
  6 ogre zombies (D:12)
  A hound zombie (D:8)
  A hound skeleton (D:6)
  A howler monkey zombie (D:8)
  4 gnolls
  A worker ant zombie (D:6)
  11 adders
  4 shadow imps
  7 oozes
  A worm (D:3)
  A dart slug (D:1)
  6 leopard geckos
  49 orcs
  6 giant cockroaches
  6 goblins
  10 hobgoblins
  6 jackals
  18 kobolds
  6 quokkas
  6 bats
  5 frilled lizards
  A hobgoblin skeleton (D:12)
  4 hobgoblin zombies (D:12)
  A jackal skeleton (D:4)
  A jackal zombie (D:5)
  A leopard gecko skeleton (D:8)
  3 orc skeletons (D:12)
  16 orc zombies (D:12)
  10 rats
  A fungus (D:9)
572 creatures vanquished.

Vanquished Creatures (collateral kills)
  A wraith (D:12)
1 creature vanquished.

Vanquished Creatures (others)
  A sky beast (D:5)
  A gnoll sergeant (D:5)
  A killer bee (D:9)
  An orc wizard (D:5)
  An orc (Orc:2)
  3 fungi
  6 plants (Lair:6)
  7 toadstools (D:3)
21 creatures vanquished.

Grand Total: 594 creatures vanquished

Notes
Turn   | Place    | Note
-------+----------+-------------------------------------------
     0 | D:1      | Curus the Merfolk Gladiator began the quest for the Orb.
     0 | D:1      | Reached XP level 1. HP: 16/16 MP: 1/1
    64 | D:1      | Reached skill level 5 in Polearms
    66 | D:1      | Reached XP level 2. HP: 16/22 MP: 2/2
   479 | D:1      | Reached XP level 3. HP: 27/27 MP: 3/3
   840 | D:1      | Reached XP level 4. HP: 33/33 MP: 4/4
  1059 | D:1      | Reached skill level 9 in Dodging
  1059 | D:1      | Reached XP level 5. HP: 49/49 MP: 5/5
  1316 | D:2      | Noticed Terence
  1324 | D:2      | Killed Terence
  1854 | D:3      | Reached XP level 6. HP: 30/56 MP: 6/6
  2034 | D:3      | You fall into a shaft and drop 3 floors!
  2045 | D:6      | Reached skill level 10 in Dodging
  2050 | D:6      | Noticed an orc warrior
  2078 | D:6      | Killed an orc warrior
  2078 | D:6      | Reached XP level 7. HP: 27/62 MP: 7/7
  2344 | D:5      | Entered Level 5 of the Dungeon
  2360 | D:4      | Noticed Ijyb
  2373 | D:4      | Killed Ijyb
  2409 | D:4      | Noticed Blork the orc
  2415 | D:4      | Killed Blork the orc
  2436 | D:4      | Reached XP level 8. HP: 65/69 MP: 8/8
  2810 | D:4      | Found Xowa Goz's Gadget Boutique.
  2838 | D:4      | Found a runed translucent door.
  2839 | D:4      | Noticed Crazy Yiuf
  3434 | D:4      | Killed Crazy Yiuf
  3524 | D:5      | Found a blossoming altar of Fedhas.
  3524 | D:5      | Found a hazy altar of Hepliaklqana.
  3556 | D:5      | Noticed Grinder
  3586 | D:5      | Killed Grinder
  3586 | D:5      | Reached skill level 11 in Dodging
  3615 | D:5      | Reached XP level 9. HP: 48/76 MP: 6/9
  3670 | D:5      | Found a sparkling altar of Nemelex Xobeh.
  3756 | D:5      | Found a shimmering altar of Xom.
  3763 | D:5      | Found Wopnad's Weapon Boutique.
  4036 | D:5      | Found a hide-covered altar of Uskayaw.
  4091 | D:6      | Noticed Prince Ribbit
  4106 | D:6      | Killed Prince Ribbit
  4206 | D:6      | Noticed Sigmund
  4217 | D:6      | Killed Sigmund
  4313 | D:6      | Found a radiant altar of Vehumet.
  4433 | D:6      | Found a staircase to the Ecumenical Temple.
  4438 | Temple   | Entered the Ecumenical Temple
  4456 | Temple   | Became a worshipper of Warmaster Okawaru
  4724 | D:7      | Reached skill level 10 in Fighting
  4724 | D:7      | Reached skill level 12 in Dodging
  4787 | D:7      | Found Niusah Urghao's Antique Armour Boutique.
  4852 | D:7      | Reached XP level 10. HP: 44/85 MP: 7/10
  4934 | D:7      | Noticed dengdeng's ghost (novice MiBe)
  4935 | D:7      | Found a runed translucent gate.
  4935 | D:7      | Found a runed translucent gate.
  4936 | D:7      | Found a runed translucent gate.
  4946 | D:7      | Noticed Harold
  4971 | D:7      | Killed Harold
  4971 | D:7      | Reached * piety under Okawaru
  4971 | D:7      | Reached ** piety under Okawaru
  5355 | D:7      | Killed dengdeng's ghost
  5355 | D:7      | Reached skill level 13 in Dodging
  5819 | D:8      | Found a shimmering altar of Xom.
  5908 | D:8      | Reached *** piety under Okawaru
  6029 | D:8      | Received a gift from Okawaru
  6250 | D:8      | Reached XP level 11. HP: 93/93 MP: 11/11
  6459 | D:9      | Found a staircase to the Lair.
  6473 | Lair:1   | Entered Level 1 of the Lair of Beasts
  6480 | Lair:1   | Identified a scroll of acquirement
  6595 | Lair:1   | Reached skill level 1 in Invocations
  6595 | Lair:1   | Reached skill level 1 in Evocations
  6735 | Lair:1   | Received a gift from Okawaru
  6735 | Lair:1   | Reached **** piety under Okawaru
  7216 | Lair:1   | Reached skill level 5 in Invocations
  7467 | Lair:2   | Reached ***** piety under Okawaru
  7467 | Lair:2   | Reached skill level 5 in Evocations
  7490 | Lair:2   | Received a gift from Okawaru
  7528 | Lair:2   | Noticed a seven-headed hydra
  7537 | Lair:2   | Killed a seven-headed hydra
  8274 | Lair:3   | Reached XP level 12. HP: 100/100 MP: 17/17
  8335 | Lair:3   | Received a gift from Okawaru
  9008 | Lair:3   | Noticed a six-headed hydra
  9021 | Lair:3   | Killed a six-headed hydra
  9029 | Lair:3   | Noticed a four-headed hydra
  9050 | Lair:3   | Reached skill level 1 in Shields
  9066 | Lair:3   | Killed a four-headed hydra
  9398 | Lair:3   | Got a heavily runed ring mail
  9497 | Lair:3   | Identified the +4 ring mail of Pleasant Breezes {Dex+2}
                  | (You found it on level 3 of the Lair of Beasts)
  9986 | Lair:4   | Received a gift from Okawaru
 10143 | Lair:4   | Found a staircase to the Snake Pit.
 10480 | Lair:4   | Reached skill level 14 in Dodging
 10540 | Lair:4   | Found a staircase to the Shoals.
 11230 | Lair:5   | Noticed a four-headed hydra
 11242 | Lair:5   | Killed a four-headed hydra
 11289 | Lair:5   | Reached XP level 13. HP: 99/108 MP: 17/19
 11845 | Lair:5   | Reached skill level 15 in Dodging
 12063 | Lair:5   | Received a gift from Okawaru
 12088 | Lair:5   | Found a staircase to the Slime Pits.
 12089 | Lair:5   | Found a viscous altar of Jiyva.
 12400 | Lair:6   | Entered Level 6 of the Lair of Beasts
 12681 | Lair:6   | Reached ****** piety under Okawaru
 12827 | Lair:6   | Reached skill level 16 in Dodging
 12867 | Lair:6   | HP: 2/112 [death yak (16)]
 13874 | Lair:6   | Reached XP level 14. HP: 106/120 MP: 18/20
 13966 | Lair:6   | Received a gift from Okawaru
 14020 | Lair:6   | HP: 9/180 [yak (3)]
 14399 | Lair:6   | Got a crystal glaive {god gift}
 15056 | D:9      | Reached skill level 17 in Dodging
 15143 | D:9      | Gained mutation: Your flesh is heat resistant. (rF+)
                  | [potion of mutation]
 15143 | D:9      | Gained mutation: You have an increased reservoir of magic.
                  | (+10% MP) [potion of mutation]
 15359 | D:9      | Found a sacrificial altar of Ru.
 15512 | D:9      | Identified the +9 glaive "Gupud" {freeze, *Drain +Inv
                  | Str+10 Int+4 Dex-2} (Okawaru gifted it to you on level 6 of
                  | the Lair of Beasts)
 15514 | D:10     | Entered Level 10 of the Dungeon
 15706 | D:10     | Received a gift from Okawaru
 15822 | D:10     | Noticed Nergalle
 15855 | D:10     | Killed Nergalle
 16343 | D:11     | Reached skill level 15 in Fighting
 17639 | D:12     | Reached skill level 18 in Dodging
 17686 | D:12     | Found a staircase to the Orcish Mines.
 17748 | Orc:1    | Entered Level 1 of the Orcish Mines
 17748 | Orc:1    | Noticed Fannar
 17765 | Orc:1    | Killed Fannar
 17959 | Orc:2    | Entered Level 2 of the Orcish Mines
 18070 | Orc:2    | Received a gift from Okawaru
 18084 | Orc:1    | Slain by a two-headed ogre

Levels and vault maps discovered:
D:1:      psy_arrival_radial01, layout_basic, minmay_pentomino_p2
D:2:      layout_loops_cross, first_ration, uniq_terence
D:3:      cheibrodos_fertilizer, layout_rooms, portal_sewer_entry_d,
          hangedman_decor_points
D:4:      layout_basic, serial_shops, shop, minmay_distorted, uniq_ijyb,
          uniq_crazy_yiuf_cottage, uniq_blork_the_orc
D:5:      layout_basic, chequers_temple_overflow_statue_of_worship,
          nemelex_xobeh_ov_fountains_minmay, serial_shops, nicolae_shop_stone,
          minmay_crystal_room, xom_confusion_cloud, uniq_grinder
D:6:      layout_cave_pools, fiery_altar_vehumet,
          minmay_temple_entry_nine_rooms, uniq_prince_ribbit1, uniq_sigmund
D:7:      layout_basic, ebering_ghost_rock_garden, serial_shops, shop_statue,
          uniq_harold
D:8:      layout_loops_cross, basic_altar, grunt_livestock
D:9:      layout_rooms, nicolae_ru_path_of_blood, dpeg_oklobed_lair
D:10:     layout_loops_cross, uniq_nergalle
D:11:     layout_layer_cave
D:12:     layout_cave_pools, zombieorc2_lemuel
Temple:   lightli_temple_of_artemis
Lair:1:   layout_gridlike, special_room [special_room_bee]
Lair:2:   layout_regular_city
Lair:3:   layout_cave_shapes, grunt_megastairs_1
Lair:4:   layout_regular_city, minmay_shoals_entry_hut,
          minmay_snake_entry_spellcaster, grunt_megastairs_5
Lair:5:   layout_gridlike, slime_altar_1, special_room
          [special_room_mythical_zoo], serial_bayou_shore_b
Lair:6:   evilmike_catoblepas_cave, layout_long_grid, gauntlet_entry_generic
Orc:1:    layout_diamond_mine, uniq_fannar, uniq_maurice, uniq_josephine
Orc:2:    st_orc_ogre_mass, layout_caves

Skill      XL: |  1  2  3  4  5  6  7  8  9 10 11 12 13 14 |
---------------+-------------------------------------------+-----
Polearms       | 5 13 14 | 14.0
Fighting       | 7 8 9 10 11 12 14 15 | 15.5
Dodging        | 9 10 11 12 13 14 16 18 | 18.2
Invocations    | 6 8 |  8.0
Evocations     | 6 8 |  8.6
Shields        | 4 |  4.1
Throwing       | |  2.0

Action                   |  1- 3 |  4- 6 |  7- 9 | 10-12 | 13-15 || total
-------------------------+-------+-------+-------+-------+-------++-------
Melee: Trident           |    56 |   173 |   513 |  1088 |  1683 ||  3513
       Tailslap          |       |       |     1 |       |       ||     1
Throw: Throwing net      |       |       |       |     1 |       ||     1
Invok: Heroism           |       |       |       |     1 |     5 ||     6
Evoke: Wand              |       |       |       |     8 |     3 ||    11
  Use: Scroll            |     4 |     4 |     6 |     6 |     6 ||    26
       Potion            |     3 |     5 |     5 |     4 |     4 ||    21
 Stab: Sleeping          |       |     3 |     4 |    14 |    17 ||    38
       Distracted        |       |       |       |     1 |     1 ||     2
       Held in net/web   |       |       |       |     2 |       ||     2
  Eat: Chunk             |       |     4 |     9 |     8 |    23 ||    44
       Ration            |       |       |       |     4 |       ||     4
Armor: Leather armour    |     7 |    12 |     2 |       |       ||    21
       Ring mail         |       |       |    64 |   142 |   236 ||   442
Dodge: Dodged            |    15 |    59 |   236 |   665 |   972 ||  1947
Block: Buckler           |       |       |       |   114 |   354 ||   468
